Map: Efflorescence LE

Players

RebelK

  • Race: Protoss Protoss
  • Spawn Location: 6:00

hollowUnit

  • Race: Zerg Zerg
  • League: Diamond
  • Spawn Location: 9:00

Massa - Winner!

  • Race: Terran Terran
  • League: Platinum
  • Spawn Location: 12:00

qqq - Winner!

  • Race: Zerg Zerg
  • League: Platinum
  • Spawn Location: 3:00

VOD

Have the link to the VOD?

Description

Time

  • Played on: Dec. 11, 2020, 5:30 p.m.
  • Length: 4:31
Show
View Real Time Build Order
Export as new Build Order

RebelK Protoss 

Build Orders:  

Get SALT Encoding   

  12  0:00  Probe (Chrono Boost)  
  13  0:10  Probe (Chrono Boost)  
  14  0:15  Probe (Chrono Boost)  
  15  0:24  Pylon  
  15  0:42  Probe  
  16  0:43  Gateway  
  16  0:47  Assimilator  
  16  0:54  Probe  
  17  1:06  Probe, Pylon  
  18  1:18  Probe (Chrono Boost)  
  19  1:22  Assimilator  
  19  1:28  Probe (Chrono Boost)  
  19  1:32  Cybernetics Core  
  20  1:33  Probe (Chrono Boost)  
  21  1:44  Probe  
  22  1:49  Gateway  
  22  1:51  Pylon  
  22  1:56  Probe  
  23  2:08  Probe  
  23  2:11  Stalker  
  26  2:18  Gateway  
  26  2:27  Warp Gate (Chrono Boost)  
  26  2:45  Nexus  
  26  2:56  Pylon  
  26  3:09  Zealot (Chrono Boost), Stalker (Chrono Boost)  
  32  3:13  Sentry (Chrono Boost)  
  32  3:25  Robotics Facility  
  32  3:33  Zealot (Chrono Boost)  
  36  3:42  Zealot (Chrono Boost)  
  36  3:45  Stalker (Chrono Boost)  
  38  4:09  Stalker  
  32  4:13  Stalker  
Show
View Real Time Build Order
Export as new Build Order

hollowUnit Zerg 

Build Orders: Hatch First 

Get SALT Encoding   

  12  0:00  Drone  
  13  0:08  Drone  
  14  0:18  Overlord  
  14  0:37  Drone x3  
  17  0:56  Hatchery  
  16  1:08  Spawning Pool  
  15  1:18  Drone x3  
  18  1:34  Extractor  
  17  1:40  Drone  
  17  1:43  Extractor  
  17  1:51  Drone x2  
  19  1:59  Queen  
  21  2:08  Queen  
  21  2:10  Drone x2  
  25  2:20  Drone x2  
  27  2:27  Evolution Chamber  
  26  2:34  Drone x2  
  28  2:40  Overlord  
  28  2:52  Overlord  
  28  3:07  Metabolic Boost  
  28  3:11  Drone x4  
  32  3:28  Zergling x6  
  32  3:29  Zergling x2  
  36  3:34  Spine Crawler  
  36  3:37  Spine Crawler  
  34  3:45  Zergling x4  
  34  4:05  Overlord x2  
Show
View Real Time Build Order
Export as new Build Order

Massa Terran - Winner!

Build Orders:  

Get SALT Encoding   

  12  0:00  SCV  
  13  0:12  SCV  
  14  0:17  Supply Depot  
  14  0:24  SCV  
  15  0:39  SCV  
  15  0:40  Barracks  
  16  0:49  Supply Depot  
  16  0:52  SCV  
  17  0:58  Refinery  
  17  1:06  SCV  
  18  1:12  Barracks  
  18  1:18  SCV  
  19  1:28  Barracks  
  19  1:34  Marine  
  19  1:38  SCV  
  21  1:58  Orbital Command  
  21  1:59  Marine  
  21  2:00  Barracks Tech Lab  
  22  2:09  Supply Depot  
  22  2:16  Marine  
  22  2:17  Marine  
  22  2:19  Stimpack  
  22  2:22  Marine  
  25  2:33  Marine  
  25  2:35  Marine  
  27  2:40  Marauder  
  29  2:51  Marine  
  29  2:53  Marine  
  31  3:02  Marauder  
  33  3:09  Marine  
  33  3:11  Marine  
  35  3:23  Marauder  
  37  3:27  Marine  
  37  3:29  Marine  
  37  3:30  Supply Depot  
  37  3:31  Supply Depot  
  39  3:52  Marauder, Marine x2  
  43  4:09  Marine x2  
Show
View Real Time Build Order
Export as new Build Order

qqq Zerg - Winner!

Build Orders: Hatch First 

Get SALT Encoding   

  12  0:00  Drone  
  13  0:11  Drone  
  14  0:22  Overlord  
  14  0:47  Hatchery  
  13  0:50  Drone  
  13  0:53  Drone  
  15  1:04  Drone x2  
  17  1:17  Drone  
  18  1:28  Extractor, Spawning Pool  
  18  1:30  Drone  
  17  1:42  Overlord  
  17  1:45  Drone  
  18  2:10  Drone  
  18  2:11  Drone  
  18  2:12  Drone  
  18  2:13  Drone  
  18  2:15  Queen  
  24  2:16  Queen  
  24  2:19  Zergling x2  
  27  2:23  Zergling x2  
  28  2:30  Spine Crawler  
  28  2:33  Zergling x2  
  28  2:36  Drone  
  29  2:41  Overlord  
  29  2:44  Zergling x2  
  29  2:49  Zergling x2  
  31  2:53  Zergling x2  
  32  3:03  Zergling x2  
  32  3:04  Metabolic Boost  
  33  3:06  Zergling x2  
  33  3:11  Zergling x2  
  35  3:15  Zergling x2  
  36  3:24  Zergling x2  
  36  3:26  Zergling x2  
  38  3:32  Zergling x2  
  39  3:36  Hatchery  
  38  3:41  Drone  
  38  3:43  Zergling x2  
  40  3:51  Zergling x4  
  40  3:54  Overlord  
  42  3:57  Drone  
  42  4:06  Zergling x2  
  42  4:07  Zergling x4  
Tags
 
Add a new tag
Caveats
  • Supply blocks, unpowered buildings, or Contaminate may cause inaccurate times.
  • Supply counts are checked every 10 seconds.